 Dungeon Crawl Stone Soup version 0.21-a0-2-ge494091 (webtiles) character file.

3246 JeffiDaFish the Fighter (level 9, -2/105 HPs)
             Began as an Ogre Berserker on May 22, 2017.
             Was an Elder of Trog.
             Slain by case's ghost (10 damage)
             ... on level 8 of the Dungeon.
             The game lasted 00:16:59 (8691 turns).

JeffiDaFish the Fighter (Ogre Berserker)            Turns: 8691, Time: 00:17:00

Health: -2/105     AC:  5    Str: 23    XL:     9   Next: 99%
Magic:  9/9        EV: 13    Int:  8    God:    Trog [****..]
Gold:   202        SH:  3    Dex: 11    Spells: 8/8 levels left

rFire    . . .     SeeInvis .   j - +0 trident (pierce)
rCold    . . .     Gourm    .   (no shield)
rNeg     . . .     Faith    .   b - +2 animal skin
rPois    .         Spirit   .   (helmet restricted)
rElec    .         Reflect  +   (no cloak)
rCorr    .         Harm     .   (gloves unavailable)
MR       .....     Rnd*Tele +   (boots unavailable)
Stlth    ++........             t - +3 amulet of reflection
Regen    0.3/turn               i - ring of teleportation (curse)
MPRegen  0.2/turn               (no ring)

@: slowed, very slow
A: unfitting armour, tough skin 1
a: Berserk, Trog's Hand, Brothers in Arms, Burn Spellbooks, Renounce Religion


You were on level 8 of the Dungeon.
You worshipped Trog.
Trog was greatly pleased with you.
You were hungry.

You visited 2 branches of the dungeon, and saw 9 of its levels.
You also visited: Sewer.

You collected 397 gold pieces.
You spent 195 gold pieces at shops.

Inventory:

Hand Weapons
 j - a +0 trident of piercing (weapon)
Missiles
 w - 4 javelins of returning (quivered)
Armour
 b - a +2 animal skin (worn)
Jewellery
 a - an uncursed amulet of magic regeneration {unknown}
 i - a cursed ring of teleportation (left hand)
 t - a +3 amulet of reflection (around neck)
Wands
 f - a wand of polymorph (10/24)
 o - a wand of iceblast (0/15)
 u - a wand of polymorph (17/24)
Scrolls
 h - 5 scrolls of identify
 k - 3 scrolls of enchant armour
 l - a scroll of magic mapping
 p - a scroll of fog
 s - a scroll of recharging
Potions
 e - a potion of invisibility
 n - a potion of flight
Books
 v - a book of Changes

   Spells                             Type                      Level
   a - Beastly Appendage              Transmutation                1
   b - Sticks to Snakes               Transmutation                2
   c - Spider Form                    Transmutation/Poison         3
   d - Ice Form                       Ice/Transmutation            4
   e - Blade Hands                    Transmutation                5
   Trog disapproves of the use of such an item.
Comestibles
 c - 6 bread rations
 d - a royal jelly
 g - 2 meat rations
 r - 4 fruits


   Skills:
 * Level 11.4 Fighting
 + Level 7.1 Polearms
 * Level 8.2 Dodging
 - Level 1.2 Stealth


You had 8 spell levels left.
You didn't know any spells.

Dungeon Overview and Level Annotations

Branches:
Dungeon (8/15)             Temple (1/1) D:4
   Lair: D:8-11

Altars:
Ashenzari
Cheibriados
Dithmenos
Elyvilon
Fedhas
Hepliaklqana
Kikubaaqudgha
Makhleb
Nemelex Xobeh
Okawaru
Qazlal
Ru
Sif Muna
Trog
Uskayaw
Vehumet
Wu Jian
Xom
Yredelemnul
Zin
The Shining One

Shops:
D:6 ?

Annotations:
D:8 Grum; case's ghost, novice CeHu


Innate Abilities, Weirdness & Mutations

You are too large for most types of armour.
You have tough skin. (AC +1)


Message History

Case's ghost hits you but does no damage.
You hit case's ghost.
Case's ghost is heavily damaged.
Grum closely misses you. Case's ghost barely misses you.
You barely miss case's ghost.
Case's ghost is heavily damaged.
You block case's ghost's attack. Grum closely misses you.
You puncture case's ghost!
Case's ghost is severely damaged.
Case's ghost hits you.
* * * LOW HITPOINT WARNING * * *
Grum hits you from afar with a glaive.
* * * LOW HITPOINT WARNING * * *
You block case's ghost's attack.
Case's ghost whispers, "They're coming for you..."
Case's ghost hits you.
* * * LOW HITPOINT WARNING * * *
Okay, then.
Case's ghost hits you!
You die...

... ... #.## #.. #..
#.####### +........
#@# #W# #g# #.# #O#
###.#########5#
.......5..g..h#
[...?............O..
###.##.####.........


You could see Grum, an ogre, a wolf, case's ghost and a crimson imp.

Vanquished Creatures
  Pikel (D:5)
  A hippogriff (D:7)
  Eustachio (D:4)
  Menkaure (D:5)
  Edmund (D:6)
  Duvessa (D:4)
  4 ice beasts
  A sky beast (D:6)
  A wolf (D:8)
  A big kobold (Sewer)
  3 bullfrogs
  Blork the orc (D:6)
  Dowan (D:4)
  3 scorpions
  2 killer bees (D:8)
  A howler monkey (D:7)
  A crimson imp (D:6)
  2 bullfrog skeletons
  4 orc priests
  4 hounds
  A jelly (D:5)
  A centaur skeleton (D:5)
  An iguana (D:4)
  5 orc wizards
  Ijyb (D:5)
  5 worker ants
  A hound skeleton (D:4)
  A worker ant zombie (D:6)
  6 adders
  A river rat (Sewer)
  4 shadow imps
  2 oozes
  8 worms
  2 dart slugs
  2 leopard geckos (D:1)
  23 orcs
  2 ball pythons
  6 bats
  5 giant cockroaches
  9 goblins
  10 hobgoblins
  6 jackals
  2 quokkas
  5 frilled lizards
  9 kobolds
  A leopard gecko skeleton (D:8)
  11 rats
165 creatures vanquished.

Notes
Turn   | Place    | Note
-------+----------+-------------------------------------------
     0 | D:1      | JeffiDaFish the Ogre Berserker began the quest for the Orb.
     0 | D:1      | Reached XP level 1. HP: 24/24 MP: 1/1
    90 | D:1      | Reached XP level 2. HP: 29/32 MP: 2/2
   484 | D:1      | Reached XP level 3. HP: 38/40 MP: 3/3
   582 | D:1      | Reached ** piety under Trog
  1096 | D:2      | Reached XP level 4. HP: 49/49 MP: 4/4
  1139 | D:2      | Reached skill level 1 in Stealth
  1646 | D:3      | You fall through a shaft!
  1678 | D:4      | Reached *** piety under Trog
  1678 | D:4      | Reached skill level 5 in Fighting
  1678 | D:4      | Reached XP level 5. HP: 23/57 MP: 5/5
  1683 | D:4      | Noticed Duvessa
  2376 | D:4      | Reached XP level 6. HP: 45/67 MP: 6/6
  2379 | D:4      | Reached skill level 6 in Fighting
  2957 | D:4      | Reached XP level 7. HP: 63/76 MP: 7/7
  3026 | D:4      | Noticed Dowan
  3041 | D:4      | Killed Duvessa
  3041 | D:4      | Reached skill level 7 in Fighting
  3054 | D:4      | Killed Dowan
  3125 | D:4      | Reached skill level 5 in Dodging
  3218 | D:4      | Noticed Eustachio
  3231 | D:4      | Killed Eustachio
  3231 | D:4      | Reached skill level 5 in Polearms
  3273 | D:4      | Found a staircase to the Ecumenical Temple.
  3279 | Temple   | Entered the Ecumenical Temple
  3667 | D:5      | Entered Level 5 of the Dungeon
  3680 | D:5      | Noticed Ijyb
  3690 | D:5      | Killed Ijyb
  3698 | D:5      | Reached skill level 8 in Fighting
  3698 | D:5      | Reached XP level 8. HP: 36/88 MP: 8/8
  3698 | D:5      | Found a glowing drain.
  3711 | D:5      | HP: 4/88 [worm (8)]
  3716 | D:5      | HP: 4/88 [poisoned by an adder]
  3857 | D:5      | Reached **** piety under Trog
  3878 | Sewer    | Entered a sewer
  4221 | Sewer    | Found a white marble altar of Elyvilon.
  4511 | D:5      | Noticed Menkaure
  4517 | D:5      | Killed Menkaure
  5247 | D:5      | Noticed Pikel
  5261 | D:5      | Killed Pikel
  5261 | D:5      | Reached skill level 9 in Fighting
  5261 | D:5      | Reached XP level 9. HP: 23/101 MP: 9/9
  5653 | D:5      | Found a sacrificial altar of Ru.
  5654 | D:5      | Found a shadowy altar of Dithmenos.
  6015 | D:6      | Reached skill level 10 in Fighting
  6035 | D:6      | Found Hiem's Magic Scroll Emporium.
  6040 | D:6      | Bought 2 scrolls of enchant armour for 195 gold pieces
  6111 | D:6      | Noticed Edmund
  6129 | D:6      | Killed Edmund
  6897 | D:6      | Found a glowing silver altar of Zin.
  6897 | D:6      | Noticed an angel
  6982 | D:6      | Noticed Blork the orc
  6988 | D:6      | Killed Blork the orc
  7313 | D:7      | Reached skill level 11 in Fighting
  8321 | D:8      | Noticed Grum
  8324 | D:8      | HP: 3/105 [wolf[Grum] (3)]
  8329 | D:8      | HP: 4/105 [wolf[Grum] (6)]
  8354 | D:8      | Noticed case's ghost (novice CeHu)
  8691 | D:8      | Slain by case's ghost

Vault maps used:
D:1:      tarquinn_simple_flora_water_b, minmay_statues_item,
          minmay_misc_feat_enclosed
D:3:      first_bread
D:4:      minmay_temple_entry_enclosed_plants, serial_bayou_lagoon_b,
          uniq_eustachio, uniq_duvessa
D:5:      nicolae_overflow_hidden_temple, portal_sewer_entry_a, uniq_ijyb,
          uniq_pikel, uniq_menkaure
D:6:      zin_angel, serial_shops, kennysheep_little_box, uniq_blork_the_orc,
          uniq_edmund
D:8:      serial_shops, shop, uniq_grum
Temple:   dpeg_five_rooms_temple
Sewer:    sewer_kobolds

Skill      XL: |  1  2  3  4  5  6  7  8  9 |
---------------+----------------------------+-----
Dodging        | 3 4 5 6 8 |  8.2
Stealth        | 1 |  1.2
Fighting       | 5 6 8 9 11 | 11.4
Polearms       | 4 5 6 7 |  7.1

Action                   |  1- 3 |  4- 6 |  7- 9 || total
-------------------------+-------+-------+-------++-------
Melee: Spear             |   134 |    64 |       ||   198
       Trident           |       |   161 |   422 ||   583
Throw: Javelin           |       |       |     2 ||     2
Invok: Berserk           |       |     2 |     4 ||     6
       Burn Spellbooks   |       |       |     1 ||     1
Evoke: Wand              |       |       |     2 ||     2
  Use: Potion            |     2 |     1 |    10 ||    13
       Scroll            |     7 |     5 |     8 ||    20
 Stab: Sleeping          |     3 |     1 |     9 ||    13
  Eat: Chunk             |     1 |     7 |    11 ||    19
       Royal jelly       |       |       |     3 ||     3
       Meat ration       |       |       |     1 ||     1
Armor: Animal skin       |    33 |    52 |    94 ||   179
Dodge: Dodged            |    55 |   118 |   230 ||   403
Block: Other             |       |       |    28 ||    28
